Map: Miner Evacuation

Players

Odin

  • Race: Protoss Protoss
  • League: Platinum
  • Spawn Location: 7:00

Denoted

  • Race: Zerg Zerg

VOD

Have the link to the VOD?

Description

Time

  • Played on: Dec. 21, 2018, 3:17 a.m.
  • Length: 25:10
Show
View Real Time Build Order
Export as new Build Order

Odin Protoss 

Build Orders:  

Get SALT Encoding   

  12  0:05  Probe (Chrono Boost)  
  13  0:28  Probe (Chrono Boost)  
  14  0:39  Pylon  
  14  0:43  Probe (Chrono Boost)  
  14  0:44  Assimilator  
  15  0:59  Probe (Chrono Boost), Assimilator  
  16  1:14  Robotics Facility  
  16  1:17  Probe (Chrono Boost)  
  17  1:30  Probe (Chrono Boost)  
  18  1:43  Pylon  
  18  1:48  Probe (Chrono Boost)  
  19  2:01  Probe (Chrono Boost)  
  20  2:13  Probe (Chrono Boost)  
  21  2:20  Immortal  
  21  2:29  Taldarin's A.I. Personality  
  25  2:34  Probe (Chrono Boost)  
  26  2:59  Robotics Bay  
  26  3:01  Probe (Chrono Boost)  
  27  3:22  Probe (Chrono Boost)  
  28  3:34  Probe (Chrono Boost)  
  28  3:35  Immortal  
  33  3:51  Robotics Facility  
  33  4:16  Probe (Chrono Boost)  
  33  4:18  Extended Thermal Lance  
  34  4:22  Warbringer's A.I. Personality  
  34  4:29  Probe (Chrono Boost)  
  35  5:48  Gravimetric Overload  
  35  6:07  Colossus  
  41  6:15  Pylon  
  41  6:16  Pylon  
  41  6:19  Pylon  
  41  6:40  Probe (Chrono Boost)  
  42  7:14  Nexus  
  42  7:33  Colossus  
  42  7:37  Colossus  
  54  7:45  Stargate  
  54  7:47  Stargate, Probe (Chrono Boost)  
  55  7:55  Fleet Beacon  
  55  8:00  Pylon  
  55  8:02  Forge, Pylon  
  55  8:04  Forge  
  55  8:05  Pylon  
  55  8:07  Pylon  
  55  8:13  Forge  
  55  9:00  Clolarion's A.I. Personality  
  55  9:02  Carrier x2  
  61  10:00  Mojo's A.I. Personality  
  67  10:01  Colossus  
  67  10:02  Colossus  
  67  10:05  Probe x2 (Chrono Boost)  
  81  10:14  Assimilator  
  81  10:16  Assimilator  
  81  10:18  Probe x2 (Chrono Boost)  
  83  10:31  Probe x2 (Chrono Boost)  
  83  10:36  Purification Blast  
  65  10:40  Purifier Armaments, Observation Protocol  
  85  10:41  Protoss Ground Armor Level 1  
  85  10:43  Probe x2 (Chrono Boost)  
  87  10:56  Probe x2 (Chrono Boost)  
  89  11:39  Protoss Ground Weapons Level 1  
  89  11:47  Scout x2  
  95  12:34  Scout x2  
  95  12:38  Protoss Shields Level 1  
  101  13:27  Cybernetics Core x2  
  101  13:31  Gateway  
  101  13:39  Pylon  
  101  13:41  Gateway  
  101  13:50  Probe (Chrono Boost)  
  101  13:51  Probe (Chrono Boost)  
  103  14:03  Probe x2 (Chrono Boost)  
  105  14:11  Pylon  
  105  14:13  Pylon  
  105  14:16  Probe x2 (Chrono Boost), Pylon  
  105  14:17  Carrier  
  105  14:18  Carrier, Pylon  
  119  14:28  Probe (Chrono Boost)  
  120  14:36  Probe (Chrono Boost)  
  121  14:41  Probe (Chrono Boost)  
  121  14:49  Probe (Chrono Boost)  
  123  15:01  Probe (Chrono Boost)  
  123  15:05  Probe (Chrono Boost)  
  125  15:12  Photon Cannon  
  125  15:13  Photon Cannon  
  125  15:16  Photon Cannon  
  125  15:18  Photon Cannon x2  
  125  15:21  Photon Cannon  
  125  15:23  Photon Cannon  
  125  15:28  Gateway, Kaldalis' A.I. Personality  
  125  15:32  Gateway  
  125  15:33  Gateway  
  125  15:35  Gateway, Optimized Emitters, Warp Gate  
  125  15:37  Gateway  
  125  15:50  Twilight Council  
  125  15:51  Gateway  
  125  16:08  Talis' A.I. Personality  
  125  16:35  Protoss Air Weapons Level 1, Protoss Air Armor Level 1  
  119  17:50  Protoss Shields Level 2, Protoss Ground Weapons Level 2, Protoss Ground Armor Level 2  
  119  18:17  Graviton Catapult  
  119  18:19  Photon Cannon  
  119  18:21  Photon Cannon  
  119  18:24  Legionnaire  
  119  18:25  Photon Cannon, Legionnaire x6  
  119  18:26  Legionnaire  
  143  18:44  Charge  
  143  19:07  Photon Cannon  
  143  19:09  Photon Cannon  
  143  19:10  Photon Cannon  
  143  19:11  Photon Cannon  
  143  19:13  Photon Cannon x2  
  143  19:26  Protoss Air Weapons Level 2, Protoss Air Armor Level 2  
  143  19:34  Observer  
  143  19:37  Interdictors  
  145  19:42  Carrier  
  145  19:44  Empowered Blades  
  150  19:52  Pylon  
  150  19:53  Pylon  
  150  20:02  Pylon  
  150  20:04  Pylon  
  150  20:06  Pylon  
  150  20:07  Pylon  
  150  20:09  Pylon  
  150  20:17  Carrier  
  156  20:41  Conservator  
  156  20:42  Conservator x2  
  156  20:43  Conservator  
  156  20:44  Conservator x2, Debilitation System  
  168  20:54  Adept x2  
  172  21:07  Combat Sensor Array  
  166  21:44  Psionic Projection  
  166  21:58  Conservator  
  166  22:07  Suppression Procedure  
  166  22:13  Adept x7  
  166  22:14  Adept  
  182  23:01  Conservator x2  
  182  23:02  Conservator x4  
  173  24:01  Adept x2  
  173  24:02  Adept x5  
  173  24:03  Adept  
  176  24:50  Adept x2  
  176  24:51  Adept x6  
Show
View Real Time Build Order
Export as new Build Order

Denoted Zerg 

Build Orders:  

Get SALT Encoding   

  18  0:03  Primal Drone  
  19  0:12  Primal Drone  
  19  0:18  Primal Drone  
  21  0:25  Primal Drone  
  22  0:33  Primal Drone  
  22  0:39  Extractor  
  23  0:49  Primal Drone  
  24  0:51  Extractor  
  24  1:05  Primal Drone  
  25  1:25  Primal Warden  
  26  1:33  Primal Drone  
  27  1:54  Primal Drone x2  
  29  2:00  Primal Attacks Level 1  
  29  2:17  Primal Drone  
  30  2:29  Primal Drone  
  31  2:34  Glevig's Den  
  30  2:58  Primal Drone  
  30  2:59  Primal Drone  
  32  3:13  Primal Drone  
  33  3:33  Primal Drone  
  39  3:51  Primal Drone  
  40  4:00  Primal Hive  
  40  4:09  Primal Drone  
  41  4:15  Murvar's Den  
  40  4:22  Primal Drone  
  41  4:40  Primal Carapace Level 1  
  41  4:45  Primal Drone  
  42  4:58  Primal Drone  
  43  5:29  Primal Drone  
  44  5:30  Primal Drone  
  45  6:06  Primal Drone x2  
  47  6:27  Dakrun's Den  
  46  7:06  Primal Hive  
  46  7:07  Primal Drone  
  46  7:08  Primal Drone x9  
  56  7:11  Extractor x2  
  56  7:18  Primal Attacks Level 2  
  56  7:34  Primal Drone x2  
  56  7:36  Primal Carapace Level 2  
  58  7:46  Primal Drone  
  58  7:47  Primal Drone  
  60  8:02  Primal Drone x2  
  62  8:21  Primal Drone  
  62  8:22  Primal Drone  
  62  8:28  Primal Drone  
  65  9:04  Primal Ultralisk x5  
  89  10:38  Barrage of Spikes  
  89  11:00  Primal Attacks Level 3  
  89  11:06  Primal Carapace Level 3  
  89  11:15  Primal Drone x2  
  89  11:38  Tyrant's Protection  
  89  11:53  Primal Hydralisk  
  89  11:55  Primal Ultralisk  
  97  12:08  Primal Ultralisk  
  101  12:38  Impaling Strike  
  98  13:38  Healing Adaptation  
  96  13:50  Primal Drone  
  96  13:51  Primal Drone  
  98  14:03  Primal Ultralisk  
  98  14:04  Primal Ultralisk x3  
  98  14:09  Primal Ultralisk  
  128  14:37  Brutal Charge  
  128  14:58  Primal Ultralisk  
  128  15:02  Primal Ultralisk  
  131  15:28  Primal Ultralisk  
  134  17:28  Primal Ultralisk x2  
  134  17:29  Primal Ultralisk x2  
  158  18:03  Primal Ultralisk x2  
  161  19:44  Primal Ultralisk  
  161  19:45  Primal Ultralisk x2  
  170  21:09  Primal Ultralisk x2  
  173  21:10  Primal Ultralisk x2  
  179  22:09  Primal Ultralisk x2  
  185  22:43  Primal Ultralisk  
  185  22:49  Primal Ultralisk  
  194  23:33  Primal Ultralisk  
  188  24:39  Primal Ultralisk x3  
Tags
 
Add a new tag
Caveats
  • Supply blocks, unpowered buildings, or Contaminate may cause inaccurate times.
  • Supply counts are checked every 10 seconds.